 Dungeon Crawl Stone Soup version 0.21.1-1-g345015f (webtiles) character file.

12 wilfster70 the Magician (level 2, -2/24 HPs)
             Began as a Troll Wizard on Feb 28, 2018.
             Slain by a gnoll
             ... wielding a +0 halberd
              (10 damage)
             ... on level 1 of the Dungeon.
             The game lasted 00:01:42 (247 turns).

wilfster70 the Magician (Troll Wizard)               Turns: 247, Time: 00:01:43

Health: -2/24      AC:  5    Str: 14    XL:     2   Next: 20%
Magic:  4/4        EV:  9    Int: 14    God:
Gold:   8          SH:  0    Dex:  8    Spells: 4/5 levels left

rFire    . . .     SeeInvis .   (no weapon)
rCold    . . .     Gourm    +   (no shield)
rNeg     . . .     Faith    .   a - +0 robe
rPois    .         Spirit   .   b - +0 hat
rElec    .         Reflect  .   (no cloak)
rCorr    .         Harm     .   (gloves unavailable)
MR       .....                  (boots unavailable)
Stlth    +.........             (no amulet)
HPRegen  0.48/turn              (no ring)
MPRegen  0.09/turn              (no ring)

@: no status effects
A: large, unfitting armour, claws 3, fast metabolism 3, gourmand, regeneration
1, shaggy fur 1, tough skin 2
a: no special abilities


You were on level 1 of the Dungeon.
You were full.

You visited 1 branch of the dungeon, and saw 1 of its levels.

You collected 8 gold pieces.

Inventory:

Armour
 a - a +0 robe (worn)
 b - a +0 hat (worn)
Scrolls
 e - a scroll of random uselessness {unknown}
Potions
 f - a potion of agility {unknown}
 g - a potion of flight {unknown}
Books
 c - a book of Minor Magic

   Spells                             Type                      Level
   a - Magic Dart                     Conjuration                  1
   b - Blink                          Translocation                2
   c - Call Imp                       Summoning                    2
   d - Slow                           Hexes                        2
   e - Conjure Flame                  Conjuration/Fire             3
   f - Mephitic Cloud                 Conjuration/Poison/Air       3
Comestibles
 d - 2 rations
 h - a chunk of flesh


   Skills:
 - Level 1.5 Dodging
 - Level 1.0 Stealth
 + Level 0.9 Unarmed Combat
 + Level 2.1 Spellcasting
 + Level 1.0 Conjurations
   Level 0.6 Summonings
   Level 0.6 Translocations


You had 4 spell levels left.
You knew the following spells:

 Your Spells              Type           Power        Failure   Level  Hunger
a - Magic Dart            Conj           #...         16%         1    #......


Dungeon Overview and Level Annotations

Branches:
Dungeon (1/15)

Altars:


Innate Abilities, Weirdness & Mutations

You are too large for most types of armour.
You have claws for hands.
Your metabolism is lightning-fast.
You like to eat raw meat.
Your natural rate of healing is unusually fast.
You are covered in fur. (AC +1)
You have very tough skin. (AC +2)


Message History

You claw the gnoll!
The gnoll is almost dead.
The gnoll barely misses you.
The hobgoblin hits you but does no damage.
You barely miss the gnoll.
The gnoll is almost dead.
The gnoll hits you with a halberd!
Ouch! That really hurt!
* * * LOW HITPOINT WARNING * * *
You barely miss the gnoll.
The gnoll is almost dead.
The hobgoblin closely misses you. The hobgoblin misses you.
The gnoll barely misses you.
You closely miss the hobgoblin. The hobgoblin barely misses you.
You barely miss the hobgoblin. The gnoll hits you but does no damage.
The hobgoblin hits you.
You scratch the hobgoblin.
The hobgoblin is moderately wounded.
The gnoll hits you from afar with a halberd!
You die...

...#####...).########
.........(...........
.########....######## ##
#.#.## # #.#.# #
#.#.######### #
#.#.........# ######
#########.# .......
#..gg@...# .....?#
#.######.# #####.# #.# #.#
..## ..#####g######.#
....................#
#.##.....###.######.# ...
..##. #.# #.# #.##......
#.# #.# #
..#..#..#..#.######.##....


You could see a gnoll and a hobgoblin.

Vanquished Creatures
  A dart slug (D:1)
  3 bats (D:1)
  3 goblins (D:1)
  A hobgoblin (D:1)
  2 rats (D:1)
10 creatures vanquished.

Notes
Turn   | Place    | Note
-------+----------+-------------------------------------------
     0 | D:1      | wilfster70 the Troll Wizard began the quest for the Orb.
     0 | D:1      | Reached XP level 1. HP: 16/16 MP: 2/2
    90 | D:1      | Reached skill level 1 in Conjurations
   119 | D:1      | Reached XP level 2. HP: 24/24 MP: 4/4
   247 | D:1      | Slain by a gnoll

Skill      XL: |  1 |
---------------+----+-----
Conjurations   | 1 |  1.0
Dodging        | |  1.5
Stealth        | |  1.0
Unarmed Combat | |  0.9
Spellcasting   | |  2.1
Summonings     | |  0.6
Translocations | |  0.6

Action                   || total
-------------------------++-------
Melee: Unarmed           ||    38
 Cast: Magic Dart        ||     3
  Eat: Chunk             ||     5
Armor: Robe              ||    16
Dodge: Dodged            ||    31
